 Dungeon Crawl Stone Soup version 0.27.1-33-g824d729ab1 (webtiles) character file.

Game seed: 12289469828634155420

17 jlumianski the Skirmisher (level 2, -5/19 HPs)
             Began as a Gargoyle Monk on Dec 18, 2021.
             Slain by a worm (8 damage)
             ... on level 1 of the Dungeon.
             The game lasted 00:01:46 (470 turns).

jlumianski the Skirmisher (Gargoyle Monk)            Turns: 470, Time: 00:01:47

Health: -5/19      AC:  4    Str: 14    XL:     2   Next: 62%
Magic:  2/2        EV: 12    Int: 10    God:
Gold:   50         SH:  0    Dex: 12    Spells: 1/1 levels left

rFire    . . .     SeeInvis .   a - +0 hand axe
rCold    . . .     Faith    .   (no shield)
rNeg     + . .     Spirit   .   b - +0 robe
rPois    ∞         Reflect  .   (no helmet)
rElec    +         Harm     .   (no cloak)
rCorr    .         Rampage  .   (no gloves)
Will     .....                  (no boots)
Stlth    ++........             (no amulet)
HPRegen  0.06/turn              (no ring)
MPRegen  0.08/turn              (no ring)

@: no status effects
A: sickness immunity, AC +2, negative energy resistance 1, electricity
resistance, torment resistance 1, petrification resistance
a: no special abilities


You were on level 1 of the Dungeon.
You visited 1 branch of the dungeon, and saw 2 of its levels.

You collected 50 gold pieces.

Inventory:

Hand Weapons
 a - a +0 hand axe (weapon)
Missiles
 c - 7 silver javelins (quivered)
 e - 5 stones
 g - 9 poisoned darts
Armour
 b - a +0 robe (worn)
Potions
 d - a potion of heal wounds
 f - a potion of ambrosia {unknown}


   Skills:
 + Level 3.5 Fighting
 + Level 3.0 Axes
 + Level 2.7 Dodging
 + Level 2.2 Stealth


You had one spell level left.
You didn't know any spells.
Your spell library was empty.

Dungeon Overview and Level Annotations

Branches:
Dungeon (2/15)

Altars:


Innate Abilities, Weirdness & Mutations

You are immune to sickness and miasma.
Your stone body is resilient. (AC +2)
You are immune to poison.
You resist negative energy. (rN+)
You are resistant to electric shocks. (rElec)
You are resistant to unholy torment.
You are immune to petrification.


Message History

You closely miss the ball python.
The ball python is severely wounded.
The ball python bites you but does no damage.
The ball python constricts you.
You closely miss the ball python.
The ball python is severely wounded.
The ball python closely misses you. The ball python constricts you.
The ball python bites you but does no damage.
The ball python constricts you.
You slash the ball python!
You kill the ball python!
You see here a ball python corpse.
Found a sapphire potion.
f - a sapphire potion
There is a stone staircase leading down here.
You climb downwards.
Found five items.
Found an escape hatch in the floor.
Found a stone staircase leading up.
There is a stone staircase leading up here.
You climb upwards.
There is a stone staircase leading down here.
You hit the worm.
The worm is lightly wounded.
The worm bites you.
You hit the worm.
The worm is lightly wounded.
The worm closely misses you.
You hit the worm but do no damage.
The worm is lightly wounded.
You completely miss the worm.
The worm is lightly wounded.
The worm bites you.
You hit the worm.
The worm is moderately wounded.
The worm bites you!
* * * LOW HITPOINT WARNING * * *
You hit the worm.
The worm is moderately wounded.
The worm bites you!
You die...

#...# #...# ##...# #....#
#....# ## ### .#####....####
#....# ...........w># #.##.#
#......@# ###.##.## # #
#.......# #.......# #. #.
####....###.##....#
#..#.#### #..............#
#....)....###.#####..#.....#
.#.........................#
.#.....r....†.##.##.##....##
.......##..#..##.##.##....#
#......##.........†.......#


You could see a worm.

Vanquished Creatures
  An endoplasm (D:1)
  A giant cockroach (D:1)
  3 hobgoblins (D:1)
  3 quokkas (D:1)
  2 ball pythons (D:1)
  A bat (D:1)
  2 frilled lizards (D:1)
  2 kobolds (D:1)
  2 rats (D:1)
17 creatures vanquished.

Notes
Turn   | Place    | Note
-------+----------+-------------------------------------------
     0 | D:1      | jlumianski the Gargoyle Monk began the quest for the Orb.
     0 | D:1      | Reached XP level 1. HP: 14/14 MP: 1/1
    92 | D:1      | Reached XP level 2. HP: 14/19 MP: 2/2
   470 | D:1      | Slain by a worm

Illustrated notes

Levels and vault maps discovered:
D:1:      lightli_arrival_boilingwater, layout_basic
D:2:      layout_rooms, chequers_ecumenical_altar_simple_redux, uniq_terence

Skill      XL: |  1  2 |
---------------+-------+-----
Axes           | 3 |  3.0
Fighting       | |  3.5
Dodging        | |  2.7
Stealth        | |  2.2

Action                   || total
-------------------------++-------
Melee: Hand axe          ||    49
  Use: Scroll            ||     3
 Stab: Sleeping          ||     2
Armor: Robe              ||     7
Dodge: Dodged            ||    43
